 Dungeon Crawl Stone Soup version 0.29.0-4-gdea44cf6ec (webtiles) character file.

Game seed: 17019591183634304128

15 qw the Firebug (level 2, -2/23 HPs)
             Began as a Ghoul Fire Elementalist on Aug 30, 2022.
             Slain by Duvessa
             ... wielding a +0 short sword
              (5 damage)
             ... on level 4 of the Dungeon.
             The game lasted 00:01:05 (1896 turns).

qw the Firebug (Ghoul Fire Elementalist)            Turns: 1896, Time: 00:01:06

Health: -2/23      AC:  8    Str:  8 (11) XL:     2   Next: 50%
Magic:  3/3        EV:  8    Int:  8 (10) God:
Gold:   55         SH:  0    Dex: 12 (15) Spells: 3/4 levels left

rFire   . . .      SeeInvis .     - Unarmed
rCold   + . .      Faith    .   (no shield)
rNeg    + + +      Spirit   .   l - +0 scale mail
rPois   inf        Reflect  .   (no helmet)
rElec   .          Harm     .   (no cloak)
rCorr   .          Rampage  .   j - +0 pair of gloves
Will    .....                   h - +0 pair of boots
Stlth   +.........              (no amulet)
HPRegen 0.00/turn               c - +6 ring of dexterity
MPRegen 0.08/turn               (no ring)

@: inhibited regen
A: claws 1, cold resistance 1, negative energy resistance 3, inhibited
regeneration, torment resistance 2, devour on kill
a: no special abilities


You were on level 4 of the Dungeon.
You visited 1 branch of the dungeon, and saw 3 of its levels.

You collected 55 gold pieces.


Innate Abilities, Weirdness & Mutations

You are immune to poison.
You have sharp fingernails.
Your flesh is cold resistant. (rC+)
You are immune to negative energy. (rN+++)
You do not regenerate when monsters are visible.
You are immune to unholy pain and torment.
You thrive by killing the living.


   Skills:
 - Level 1.2 Fighting
 - Level 1.7 Dodging
 - Level 2.1 Stealth
 + Level 1.7 Unarmed Combat
 - Level 1.7 Spellcasting
 - Level 0.7 Conjurations
 - Level 2.4 Fire Magic


You had 3 spell levels left.
You knew the following spells:

 Your Spells              Type           Power      Damage    Failure   Level
a - Foxfire               Conj/Fire      12%        2x1d4     89%         1

Your spell library contained the following spells:

 Spells                   Type           Power      Damage    Failure   Level
 Scorch                   Fire           8%         2d5       91%         2
 Conjure Flame            Conj/Fire      3%         6-21      99%         3
 Inner Flame              Hex/Fire       2%         N/A       100%        3
 Flame Wave               Conj/Fire      3%         2d5       100%        4

Inventory:

Missiles
 m - 2 boomerangs (quivered)
Armour
 h - a +0 pair of boots (worn)
 j - a +0 pair of gloves (worn)
 l - a +0 scale mail (worn)
Jewellery
 c - a +6 ring of dexterity (left hand)
Potions
 i - a potion of brilliance {unknown}
 k - a potion of cancellation {unknown}

Dungeon Overview and Level Annotations

Branches:
Dungeon (2/15)

Altars:

Annotations:
D:4 Dowan, Duvessa


Message History

An orc comes into view. It is wielding a +0 short sword.
Dowan casts a spell at you. The puff of flame hits you.
You closely miss Dowan.
The orc shouts!
You hit Dowan.
Dowan is lightly wounded.
Duvessa closely misses you.
An orc comes into view. It is wielding a +0 whip.
Dowan smirks and points a slender finger.
Dowan hits you but does no damage.
You hit Dowan but do no damage.
Dowan is lightly wounded.
Duvessa barely misses you. Dowan barely misses you.
You barely miss Dowan.
Dowan is lightly wounded.
An endoplasm comes into view.
Duvessa hits you with a +0 short sword. Dowan barely misses you.
1890 ||| Stepping ~*~*~tactically~*~*~ (outnumbered).
Dowan attacks as you move away! Dowan hits you with a +0 dagger.
Duvessa attacks as you move away! Duvessa hits you with a +0 short sword.
Duvessa gestures with her weapon.
Dowan mumbles some strange words.
Dowan blinks!
1891 ||| Stepping ~*~*~tactically~*~*~ (outnumbered).
1892 ||| Stepping ~*~*~tactically~*~*~ (outnumbered).
Duvessa attacks as you move away! Duvessa hits you with a +0 short sword.
The orc throws a boomerang.
The boomerang closely misses you.
You miss Dowan.
Dowan is lightly wounded.
Duvessa hits you with a +0 short sword. Dowan hits you but does no damage.
1894 ||| Stepping ~*~*~tactically~*~*~ (outnumbered).
Duvessa attacks as you move away! Duvessa closely misses you.
An orc wizard comes into view. It is wielding a +0 dagger.
1895 ||| Stepping ~*~*~tactically~*~*~ (outnumbered).
Dowan gestures wildly while chanting.
Dowan blinks!
The orc throws a boomerang.
The boomerang hits you but does no damage.
Duvessa hits you with a +0 short sword.
You die...

............#
...........##
............#
...........e#
...o........#
............#
........o.ยค.#
.......ooe.##
........@..###
...........#.#
..........#.##
...........##
........#.#
.......#.##
......##.#
...... ..#
.....##...


You could see Duvessa, Dowan, an orc wizard and 3 orcs.

Vanquished Creatures
  An endoplasm (D:1)
  A hobgoblin (D:1)
  3 jackals (D:1)
  3 kobolds (D:1)
  2 ball pythons (D:1)
  4 bats (D:1)
14 creatures vanquished.

Notes
Turn   | Place    | Note
-------+----------+-------------------------------------------
     0 | D:1      | qw the Ghoul Fire Elementalist began the quest for the Orb.
     0 | D:1      | Reached XP level 1. HP: 14/14 MP: 2/2
     0 | D:1      | 0 ||| qw: Version: 0.1-a-90-g952f4b7
     0 | D:1      | 0 ||| qw: Game counter: 4278
     0 | D:1      | 0 ||| qw: Always use a shield: true
     0 | D:1      | 0 ||| qw: God list: Okawaru
     0 | D:1      | 0 ||| qw: Allow faded altars: false
     0 | D:1      | 0 ||| qw: Do Orc after D:15 true
     0 | D:1      | 0 ||| qw: Do second Lair branch before Depths: true
     0 | D:1      | 0 ||| qw: Lair rune preference: random
     0 | D:1      | 0 ||| qw: Plans: Normal
     0 | D:1      | 0 ||| PLANNING D:1-11
   233 | D:1      | HP: 2/14 [ball python (2)]
   661 | D:1      | Reached skill level 1 in Unarmed Combat
   953 | D:1      | 953 ||| Stepping ~*~*~tactically~*~*~ (stealth).
   954 | D:1      | 954 ||| Stepping ~*~*~tactically~*~*~ (stealth).
   986 | D:1      | 986 ||| Stepping ~*~*~tactically~*~*~ (stealth).
   996 | D:1      | 996 ||| Stepping ~*~*~tactically~*~*~ (stealth).
   997 | D:1      | 997 ||| Stepping ~*~*~tactically~*~*~ (stealth).
   998 | D:1      | 998 ||| Stepping ~*~*~tactically~*~*~ (stealth).
   999 | D:1      | 999 ||| Stepping ~*~*~tactically~*~*~ (stealth).
  1011 | D:1      | Reached skill level 1 in Fighting
  1011 | D:1      | Reached XP level 2. HP: 22/23 MP: 3/3
  1376 | D:1      | Found a faded altar of an unknown god.
  1810 | D:1      | 1810 ||| UPGRADING to +0 ring mail.
  1820 | D:1      | 1820 ||| DROPPING +0 robe.
  1821 | D:1      | 1821 ||| UPGRADING to +0 pair of boots.
  1826 | D:1      | 1826 ||| UPGRADING to +0 pair of gloves.
  1831 | D:1      | 1831 ||| UPGRADING to +0 scale mail.
  1841 | D:1      | 1841 ||| DROPPING +0 ring mail.
  1842 | D:1      | 1842 ||| UPGRADING to +6 ring of dexterity.
  1843 | D:1      | 1843 ||| READING scroll labelled ZOARCH FAPNERR.
  1844 | D:1      | 1844 ||| READING scroll labelled AKUROL ESARY.
  1847 | D:1      | 1847 ||| READING scroll labelled EXKESOE JEB ELODO.
  1848 | D:1      | 1848 ||| DRINKING 2 bubbling grey potions.
  1849 | D:1      | 1849 ||| DROPPING potion of magic.
  1850 | D:1      | 1850 ||| DROPPING potion of degeneration.
  1873 | D:2      | You fall into a shaft and drop 2 floors!
  1881 | D:4      | Noticed Dowan
  1882 | D:4      | Noticed Duvessa
  1890 | D:4      | 1890 ||| Stepping ~*~*~tactically~*~*~ (outnumbered).
  1891 | D:4      | 1891 ||| Stepping ~*~*~tactically~*~*~ (outnumbered).
  1892 | D:4      | 1892 ||| Stepping ~*~*~tactically~*~*~ (outnumbered).
  1892 | D:4      | HP: 5/23 [Duvessa/+0 short sword (1)]
  1894 | D:4      | 1894 ||| Stepping ~*~*~tactically~*~*~ (outnumbered).
  1895 | D:4      | 1895 ||| Stepping ~*~*~tactically~*~*~ (outnumbered).
  1896 | D:4      | Slain by Duvessa

Levels and vault maps discovered:
D:1:      amcnicky_arrival_feature_with_door, layout_basic,
          shapermc_ecumenical_altar_mp_urbaneastern, minivault_5
D:2:      layout_rooms, basic_altar, uniq_natasha, uniq_terence
D:4:      layout_layer_cave, minmay_temple_entry_junction, serial_shops,
          nicolae_square_shop, uniq_duvessa

Skill      XL: |  1 |
---------------+----+-----
Unarmed Combat | 1 |  1.7
Fighting       | 1 |  1.2
Dodging        | |  1.7
Stealth        | |  2.1
Spellcasting   | |  1.7
Conjurations   | |  0.7
Fire Magic     | |  2.4

Action                   || total
-------------------------++-------
Melee: Unarmed           ||    76
  Use: Scroll            ||     3
       Potion            ||     1
Armor: Robe              ||    20
       Scale mail        ||     4
Dodge: Dodged            ||    54

Table legend:
 A = Non-vault XP
 B = Vault XP
 C = Vault XP percentage of total XP
 D = Non-vault monster count
 E = Vault monster count
 F = Vault count percentage of total count
                 A         B        C        D         E       F
            +---------+---------+-------+---------+---------+-------
      Total |      22 |       0 |   0.0 |      14 |       0 |   0.0
            +---------+---------+-------+---------+---------+-------
        D:1 |      22 |       0 |   0.0 |      14 |       0 |   0.0
            +---------+---------+-------+---------+---------+-------
